 Dungeon Crawl Stone Soup version 0.31-a0-728-g01b46875f1 (webtiles) character file.

Game seed: 9968326111827464571

122 Newt the Shooter (level 5, -2/35 HPs)
             Began as a Kobold Hunter on Sept 11, 2023.
             Slain by a goblin
             ... wielding a +0 dagger
             ... led by Robin
              (5 damage)
             ... on level 2 of the Dungeon.
             The game lasted 00:01:37 (1732 turns).

Newt the Shooter (Kobold Hunter)                    Turns: 1732, Time: 00:01:37

Health: -2/35      AC:  3    Str:  8    XL:     5   Next: 27%
Magic:  5/5        EV: 14    Int: 11    God:
Gold:   90         SH:  0    Dex: 20    Spells: 4/4 levels left

rFire   . . .        a - +0 shortbow
rCold   . . .        (shield currently unavailable)
rNeg    . . .        c - +0 leather armour
rPois   .            (no helmet)
rElec   .            (no cloak)
rCorr   .            (no gloves)
SInv    .            (no boots)
Will    .....        (no amulet)
Stlth   +++          d - ring of wizardry
HPRegen 0.25/turn    (no ring)
MPRegen 0.09/turn

%: wizardry (x1)
@: no status effects
A: small, no large weapons, nightstalker 3
a: no special abilities


You were on level 2 of the Dungeon.
You visited 1 branch of the dungeon, and saw 2 of its levels.

You collected 90 gold pieces.

Inventory:

Hand Weapons
 a - a +0 shortbow (weapon)
Armour
 c - a +0 leather armour (worn)
Jewellery
 d - a ring of wizardry (left hand)
Talismans
 k - a beast talisman
Scrolls
 b - 2 scrolls of butterflies
Potions
 e - a potion of invisibility {unknown}
 f - a potion of resistance {unknown}
 g - 2 potions of curing
 h - 2 potions of haste
 i - a potion of brilliance {unknown}
 j - 2 potions of enlightenment {unknown}


   Skills:
 - Level 5.0 Fighting
 + Level 6.1 Ranged Weapons
 - Level 2.4 Dodging
 - Level 1.3 Stealth


You had 4 spell levels left.
You didn't know any spells.
Your spell library was empty.

Dungeon Overview and Level Annotations

Branches:
Dungeon (2/15)

Altars:

Annotations:
D:2 Robin


Innate Abilities, Weirdness & Mutations

You are small and have problems with some larger weapons.
You are completely attuned to the shadows.


Message History

The hobgoblin barely misses you. Robin throws the goblin at you!
The hobgoblin attacks as it pursues you!
The hobgoblin barely misses you.
You shoot an arrow. The arrow closely misses the goblin.
You hear a shout!
The goblin misses you.
A goblin comes into view. It is wielding a +0 dagger.
The hobgoblin hits you.
Robin roars a battlecry!
You shoot an arrow. The arrow barely misses the goblin.
The goblin hits you with a +0 dagger.
A hobgoblin comes into view.
Unknown command.
You shoot an arrow. The arrow hits the goblin.
You kill the goblin!
The goblin barely misses you. The hobgoblin completely misses you.
The goblin hits you with a +0 dagger. Robin throws the goblin at you!
The goblin closely misses you. The hobgoblin hits you.
There is an open door here.
Things that are here:
a +0 dagger; a +0 sling; a goblin corpse You shoot an arrow.
The arrow hits the goblin.
You kill the goblin!
The hobgoblin closely misses you. The goblin hits you with a +0 dagger.
Robin throws the goblin at you! The hobgoblin misses you.
Unknown command.
The goblin hits you with a +0 dagger.
* * * LOW HITPOINT WARNING * * *
Robin attacks as they pursues you! Robin barely misses you.
You see here a +0 dagger.
The goblin hits you with a +0 dagger.
* * * LOW HITPOINT WARNING * * *
Robin throws the goblin at you! The goblin closely misses you.
The hobgoblin attacks as it pursues you!
The hobgoblin hits you.
* * * LOW HITPOINT WARNING * * *
The goblin hits you with a +0 dagger.
You die...

####### ######### #.....#
#.......# #.....# #.#####.#
#.....# #.#...#'#####..(..#
#.#.#.............# #######.
#.#.#.............# #.......
#.#.#...........g.###.......
#.#.#.#+#.......@g.g)g..†...
#.#.#........###.)).#.......
#.#.#........######.).......
#.#.#...........# ###.......
#.#.##..........# #.......
#.#.##..........#########
..#.#####.#.#........#
###.##......########.#
#.##......#)<#.. #.#


You could see Robin, a hobgoblin (strong) and a goblin (strong).

Vanquished Creatures
  Jessica (D:2)
  3 adders (D:2)
  2 worms (D:2)
  2 dart slugs (D:1)
  3 ball pythons (D:1)
  8 endoplasms
  A giant cockroach (D:2)
  4 hobgoblins
  10 jackals
  2 kobolds
  A quokka (D:1)
  5 bats
  2 frilled lizards
  7 goblins
  6 rats
57 creatures vanquished.

Notes
Turn   | Place    | Note
-------+----------+-------------------------------------------
     0 | D:1      | Newt the Kobold Hunter began the quest for the Orb.
     0 | D:1      | Reached XP level 1. HP: 12/12 MP: 1/1
   180 | D:1      | Reached XP level 2. HP: 18/18 MP: 2/2
   353 | D:1      | Found a faded altar of an unknown god.
   516 | D:1      | Reached XP level 3. HP: 23/23 MP: 3/3
   989 | D:2      | Noticed Jessica
  1003 | D:2      | Killed Jessica
  1004 | D:2      | Reached XP level 4. HP: 18/30 MP: 4/4
  1201 | D:2      | Reached skill level 5 in Fighting
  1374 | D:2      | Reached XP level 5. HP: 28/35 MP: 5/5
  1691 | D:2      | Reached skill level 6 in Ranged Weapons
  1717 | D:2      | Noticed Robin
  1732 | D:2      | Slain by a goblin

Illustrated notes

Levels and vault maps discovered:
D:1:      giann_wishing_wells, layout_loops_ring,
          dilly_ecumenical_altar_fadedgnrine
D:2:      layout_basic, uniq_jessica, uniq_robin

Skill      XL: |  1  2  3  4  5 |
---------------+----------------+-----
Fighting       | 3 4 5 |  5.0
Ranged Weapons | 6 |  6.1
Dodging        | |  2.4
Stealth        | |  1.3

Action                     |  1- 3 |  4- 6 || total
---------------------------+-------+-------++-------
   Fire: Shortbow          |    79 |    65 ||   144
    Use: Scroll            |       |     5 ||     5
 Armour: Leather armour    |    23 |    32 ||    55
  Dodge: Dodged            |    26 |    44 ||    70

Table legend: (Time is in decaauts)
 A = Elapsed time spent in this place.
 B = Non-inter-level travel time spent in this place.
 C = Inter-level travel time spent in this place.
 D = Time resting spent in this place.
 E = Time spent auto-exploring this place.
 F = Levels seen in this place.
 G = Mean time per level.
                   A        B        C        D        E       F      G
               +--------+--------+--------+--------+--------+-----+--------+
         Total |   1757 |   1673 |     84 |      0 |   1413 |   2 |  878.5 |
       Dungeon |   1757 |   1673 |     84 |      0 |   1413 |   2 |  878.5 |
               +--------+--------+--------+--------+--------+-----+--------+

Top non-repeatable levels by time:
     D:1: 993 daAuts
     D:2: 764 daAuts
